 Dungeon Crawl Stone Soup version 0.29.1-13-g9f3cf754e1 (webtiles) character file.

Game seed: 14125028574417200173

68 cdecastro the Trooper (level 4, -6/48 HPs)
             Began as an Ogre Fighter on Feb 7, 2023.
             Was an Initiate of Elyvilon.
             Killed by nerve-wracking pain
             ... invoked by an orc priest
              (12 damage)
             ... on level 2 of the Dungeon.
             The game lasted 00:02:39 (2311 turns).

cdecastro the Trooper (Ogre Fighter)                Turns: 2311, Time: 00:02:39

Health: -6/48      AC:  3    Str: 22    XL:     4   Next: 19%
Magic:  4/4        EV: 10    Int:  9    God:    Elyvilon [......]
Gold:   53         SH:  0    Dex:  8    Spells: 3/3 levels left

rFire   . . .      SeeInvis .   a - +0 flail
rCold   . . .      Faith    .   (no shield)
rNeg    . . .      Spirit   .   b - +0 robe
rPois   .          Reflect  .   (helmet restricted)
rElec   .          Harm     .   (no cloak)
rCorr   .          Rampage  .   (gloves unavailable)
Will    .....                   (boots unavailable)
Stlth   +.........              (no amulet)
HPRegen 0.16/turn               (no ring)
MPRegen 0.09/turn               (no ring)

@: no status effects
A: large, unfitting armour, tough skin 1
a: Renounce Religion


You were on level 2 of the Dungeon.
You worshipped Elyvilon.
Elyvilon was noncommittal.
You visited 1 branch of the dungeon, and saw 3 of its levels.

You collected 53 gold pieces.

Inventory:

Hand Weapons
 a - a +0 flail (weapon)
Missiles
 h - 6 atropa-tipped darts (quivered)
 m - 5 boomerangs
Armour
 b - a +0 robe (worn)
 c - a +0 kite shield
Scrolls
 e - 2 scrolls of enchant weapon {unknown}
 f - a scroll of identify {unknown}
 j - 2 scrolls of teleportation {unknown}
 l - a scroll of butterflies {unknown}
 n - a scroll of summoning {unknown}
Potions
 d - 2 potions of might
 g - 2 potions of curing {unknown}
 i - a potion of attraction {unknown}
 k - a potion of resistance {unknown}


   Skills:
 - Level 4.0 Fighting
 + Level 3.9 Maces & Flails
 - Level 2.6 Dodging
 - Level 3.0 Shields


You had 3 spell levels left.
You didn't know any spells.
Your spell library contained the following spells:

 Spells                   Type           Power      Damage    Failure   Level
 Apportation              Tloc           0%         N/A       38%         1
 Necrotise                Necr           0%         1d4       38%         1
 Summon Small Mammal      Summ           0%         N/A       38%         1


Dungeon Overview and Level Annotations

Branches:
Dungeon (3/15)

Altars:
Elyvilon

Shops:
D:1 (


Innate Abilities, Weirdness & Mutations

You are too large for most types of armour.
You have tough skin. (AC +1)


Message History

The orc hits you with a +0 whip. The orc priest barely misses you.
The goblin hits you but does no damage.
You climb upwards.
There is a stone staircase leading down here.
Unknown command.
You closely miss the orc priest. The goblin barely misses you.
The orc priest hits you with a +0 falchion.
The orc hits you with a +0 whip.
You barely miss the orc priest. The goblin barely misses you.
The orc priest mumbles some strange prayers to Beogh against you.
Beogh smites you!
* * * LOW HITPOINT WARNING * * *
The orc hits you with a +0 whip.
* * * LOW HITPOINT WARNING * * *
You hit the orc priest.
The orc priest is moderately wounded.
The goblin hits you with a +0 dagger.
* * * LOW HITPOINT WARNING * * *
The orc priest completely misses you. The orc closely misses you.
Unknown command.
You closely miss the orc priest.
The orc priest is moderately wounded.
The goblin hits you with a +0 dagger.
* * * LOW HITPOINT WARNING * * *
The orc priest calls down the wrath of Beogh upon you.
You barely resist. The orc barely misses you.
Unknown command.
You hit the orc priest but do no damage.
The orc priest is moderately wounded.
The goblin hits you with a +0 dagger.
* * * LOW HITPOINT WARNING * * *
The orc priest barely misses you. The orc barely misses you.
The goblin closely misses you. The orc priest barely misses you.
The orc completely misses you.
You hit the orc priest.
The orc priest is moderately wounded.
The goblin closely misses you.
The orc priest invokes the aid of Beogh against you.
Pain shoots through your body!
You die...

#....#.# #......#######.......)
#.#.##.###>.#...##.......#.....
#.#.##.##.#.#...##..........._.
#.#......###............#.#....
#.###.###.#.....##.....##.#....
#...........#.####.....##.##.##
#####.#####.#[## ###.##...##.#
#.##.....)o# #.##.####.#
#.##.....g@# #.##.# #.#
#.##......o# #.##.# #.#
#.##..#....# ##.##.# #†#
#.##.###...####...#.# #.#
#...## ##...........# #.#
####.###...####...### #.##
#..#.....[....#######...
#.#...#######(..........
#.##### #.##########


You could see an orc priest, an orc and a goblin.

Vanquished Creatures
  An adder (D:2)
  A worm (D:2)
  A dart slug (D:2)
  2 orcs (D:2)
  4 ball pythons
  6 endoplasms
  3 giant cockroaches (D:1)
  4 goblins
  3 hobgoblins
  A jackal (D:1)
  4 kobolds
  3 quokkas
  8 bats
  3 frilled lizards
  3 rats
47 creatures vanquished.

Notes
Turn   | Place    | Note
-------+----------+-------------------------------------------
     0 | D:1      | cdecastro the Ogre Fighter began the quest for the Orb.
     0 | D:1      | Reached XP level 1. HP: 24/24 MP: 1/1
    35 | D:1      | Found Casuuhav's Antique Weapon Emporium.
   225 | D:1      | Reached XP level 2. HP: 32/32 MP: 2/2
   592 | D:1      | Found a faded altar of an unknown god.
   680 | D:1      | Reached XP level 3. HP: 36/39 MP: 3/3
  1436 | D:2      | Found a white marble altar of Elyvilon.
  1549 | D:2      | Became a worshipper of Elyvilon the Healer
  1762 | D:2      | Reached XP level 4. HP: 37/48 MP: 4/4
  2311 | D:2      | Killed from afar by an orc priest

Illustrated notes

Levels and vault maps discovered:
D:1:      minmay_arrival_diagonal_passages, layout_basic, serial_shops,
          nicolae_shop_overgrown_old_shop, nicolae_ecumenical_lake_church,
          minmay_cupped
D:2:      layout_loops_ring, basic_altar
D:3:      layout_rooms

Skill      XL: |  1  2 |
---------------+-------+-----
Maces & Flails | 2 3 |  3.9
Fighting       | |  4.0
Dodging        | |  2.6
Shields        | |  3.0

Action                   |  1- 3 |  4- 6 || total
-------------------------+-------+-------++-------
Melee: Flail             |    99 |    22 ||   121
Armor: Robe              |    58 |     6 ||    64
Dodge: Dodged            |    59 |    22 ||    81
